Map: New Repugnancy LE

Players

Naattt

  • Race: Zerg Zerg
  • League: Master
  • Spawn Location: 7:00

A.I. 2 (Easy) - Winner!

  • Race: Terran Terran
  • Spawn Location: 1:00

VOD

Have the link to the VOD?

Description

Time

  • Played on: Feb. 12, 2019, 5:27 p.m.
  • Length: 7:45
Show
View Real Time Build Order
Export as new Build Order

Naattt Zerg 

Build Orders: Pool First 

Get SALT Encoding   

  12  0:01  Drone  
  13  0:12  Overlord  
  13  0:20  Drone  
  14  0:32  Drone x2  
  16  0:43  Spawning Pool  
  16  0:45  Drone  
  16  0:50  Drone  
  17  1:13  Hatchery  
  16  1:21  Drone  
  17  1:30  Zergling x4  
  17  1:32  Zergling x2  
  20  1:36  Queen  
  22  1:43  Overlord  
  22  2:14  Queen  
  24  2:17  Drone x3  
  27  2:25  Queen  
  27  2:27  Drone  
  30  2:30  Drone  
  31  2:37  Drone  
  31  2:41  Drone  
  33  2:54  Hatchery  
  33  2:56  Extractor, Drone x3  
  33  2:57  Extractor  
  33  2:58  Drone  
  34  3:06  Drone x2  
  36  3:14  Overlord x2  
  36  3:32  Drone x6  
  42  3:36  Drone x2  
  44  3:42  Drone  
  45  3:49  Drone  
  45  3:54  Drone  
  45  3:55  Drone x2  
  49  3:57  Drone  
  49  3:58  Drone  
  51  4:04  Roach Warren  
  51  4:08  Evolution Chamber  
  51  4:09  Evolution Chamber  
  48  4:12  Drone x2  
  48  4:13  Drone x2  
  52  4:18  Lair  
  52  4:27  Queen  
  54  4:33  Drone x4  
  58  4:39  Overlord x2  
  58  4:43  Overlord  
  58  4:45  Zerg Missile Weapons Level 1  
  58  4:49  Zerg Ground Armor Level 1  
  58  4:57  Overlord  
  58  5:05  Roach x6  
  70  5:07  Drone  
  70  5:10  Overlord  
  69  5:14  Overlord  
  69  5:18  Glial Reconstitution  
  68  5:23  Drone  
  68  5:24  Drone  
  70  5:29  Roach x2  
  70  5:30  Roach  
  70  5:32  Overlord  
  76  5:39  Roach x2  
  76  5:40  Overlord  
  80  5:45  Extractor  
  80  5:47  Extractor  
  80  5:48  Roach x2  
  80  5:49  Overlord  
  82  5:59  Roach x2  
  82  6:00  Overlord  
  86  6:07  Drone x2  
  86  6:08  Drone  
  86  6:09  Roach x3  
  95  6:18  Roach x3  
  101  6:19  Roach  
  101  6:25  Roach x2  
  107  6:29  Overlord  
  107  6:31  Overlord  
  107  6:37  Roach  
  107  6:38  Roach x5  
  119  6:46  Roach x3  
  119  6:47  Roach  
  127  6:53  Roach x2  
  127  6:54  Roach  
  131  6:55  Overlord  
  131  7:10  Ravager  
  132  7:21  Drone x3  
  132  7:22  Drone x7  
  142  7:23  Drone  
  142  7:25  Overlord x2  
Show
View Real Time Build Order
Export as new Build Order

A.I. 2 (Easy) Terran - Winner!

Build Orders:  

Get SALT Encoding   

  12  0:00  SCV  
  13  0:13  SCV  
  14  0:18  Supply Depot  
  14  0:25  SCV  
  15  0:40  SCV  
  16  0:44  Barracks  
  16  0:46  Refinery  
  16  1:11  Supply Depot  
  16  1:21  Refinery  
  16  1:31  Marine  
  16  1:32  Orbital Command  
  17  1:49  Barracks Tech Lab  
  17  2:07  Marine  
  18  2:14  Supply Depot  
  18  2:16  SCV  
  19  2:28  SCV  
  20  2:31  Marine  
  21  2:40  SCV  
  22  2:52  SCV  
  22  2:54  Marine  
  24  3:04  SCV  
  25  3:16  SCV  
  25  3:18  Marauder  
  28  3:42  Marauder  
  30  4:05  Marauder  
  32  6:14  SCV  
  32  6:46  Reaper  
  32  6:47  SCV, Supply Depot  
  28  6:56  Factory  
  28  6:59  SCV  
  24  7:11  SCV  
  24  7:15  Supply Depot  
  24  7:18  Marine  
  24  7:22  Command Center  
  25  7:23  SCV  
Tags
 
League
Master
Matchup
TvZ
Opening
Pool First
Spawn Locations
Cross Positions
Add a new tag
Caveats
  • Supply blocks, unpowered buildings, or Contaminate may cause inaccurate times.
  • Supply counts are checked every 10 seconds.